 Dungeon Crawl Stone Soup version 0.29-a0-359-g541a27f54d (webtiles) character file.

Game seed: 13877029997814979709

9100 Querens the Thaumaturge (level 11, -8/60 HPs)
             Began as a Deep Elf Conjurer on Apr 26, 2022.
             Was a Priest of Vehumet.
             Mangled by a two-headed ogre
             ... wielding a +1 dire flail of protection
              (14 damage)
             ... on level 11 of the Dungeon on Apr 27, 2022.
             The game lasted 00:48:50 (6768 turns).

Querens the Thaumaturge (Deep Elf Conjurer)         Turns: 6768, Time: 00:48:51

Health: -8/60      AC:  5    Str:  4    XL:     11   Next: 18%
Magic:  16/38      EV: 12    Int: 28    God:    Vehumet [***...]
Gold:   591        SH:  5    Dex: 13    Spells: 20/34 levels left

rFire   . . .      SeeInvis .   O - +2 short sword (drain)
rCold   . . .      Faith    .   l - +0 buckler
rNeg    . . .      Spirit   .   a - +0 robe
rPois   .          Reflect  .   (no helmet)
rElec   .          Harm     .   P - +1 cloak
rCorr   +          Rampage  .   c - +0 pair of gloves
Will    +....                   (no boots)
Stlth   ++........              (no amulet)
HPRegen 0.20/turn               H - ring of resist corrosion
MPRegen 0.26/turn               C - ring of magical power

@: marked
A: no striking features
a: Renounce Religion


You were on level 11 of the Dungeon.
You worshipped Vehumet.
Vehumet was most pleased with you.
You visited 2 branches of the dungeon, and saw 12 of its levels.

You collected 591 gold pieces.

Inventory:

Hand Weapons
 o - the +7 staff of the Meek {protect, meekguard}
   (You found it on level 10 of the Dungeon)

   It grants its wielder temporary protection when it strikes (+7 to AC).
   It provides extra protection to wielders with little health.
 O - a +2 short sword of draining (weapon)
Missiles
 g - a throwing net
 L - a curare-tipped dart
Armour
 a - a +0 robe (worn)
 c - a +0 pair of gloves (worn)
 l - a +0 buckler (worn)
 P - a +1 cloak (worn)
Magical Staves
 h - a staff of death
 y - a staff of fire
Jewellery
 i - a ring of protection from fire
 s - a ring of see invisible
 B - a ring of positive energy
 C - a ring of magical power (right hand)
 E - a ring of fire
 F - a ring of fire
 H - a ring of resist corrosion (left hand)
 J - a +4 ring of protection
Wands
 m - a wand of acid (16)
 Q - a wand of digging (6)
Scrolls
 d - 15 scrolls of teleportation
 f - 4 scrolls of amnesia
 k - a scroll of fog {unknown}
 q - 2 scrolls of immolation
 r - a scroll of acquirement {unknown}
 t - a scroll of magic mapping {unknown}
 u - a scroll of noise {unknown}
 w - a scroll of enchant armour {unknown}
 D - 2 scrolls of silence {unknown}
 I - 2 scrolls of enchant weapon {unknown}
 M - a scroll of torment {unknown}
 N - a scroll of identify
Potions
 b - 3 potions of magic
 e - 2 potions of might {unknown}
 j - 2 potions of flight {unknown}
 n - 6 potions of heal wounds
 p - 2 potions of mutation
 v - 4 potions of lignification
 x - a potion of haste {unknown}
 z - 4 potions of curing
 A - 2 potions of degeneration {unknown}
 G - a potion of invisibility {unknown}
 K - 2 potions of brilliance {unknown}
Miscellaneous
 R - a phantom mirror


   Skills:
 + Level 3.6 Fighting
 - Level 2.4 Dodging
 - Level 2.4 Stealth
 - Level 5.0 Shields
 + Level 12.4 Spellcasting
 + Level 11.2 Conjurations
 + Level 9.4 Translocations


You had 20 spell levels left.
You knew the following spells:

 Your Spells              Type           Power      Damage    Failure   Level
a - Magic Dart            Conj           100%       1d8       1%          1
b - Searing Ray           Conj           100%       2d8       1%          2
c - Iskenderun's Mystic   Conj/Tloc      66%        2d14      1%          4
d - Fulminant Prism       Conj/Hex       24%        3d13      1%          4
e - Mephitic Cloud        Conj/Pois/Air  38%        N/A       1%          3

Your spell library contained the following spells:

 Spells                   Type           Power      Damage    Failure   Level
 Hailstorm                Conj/Ice       48%        3d11      1%          4
 Poisonous Vapours        Pois/Air       34%        N/A       1%          2
 Dazzling Flash           Conj/Hex       96%        N/A       1%          3
 Passage of Golubria      Tloc           63%        N/A       1%          4
 Sting                    Tmut/Pois      68%        1d6       4%          1
 Summon Small Mammal      Summ           68%        N/A       4%          1
 Olgreb's Toxic Radiance  Pois           17%        N/A       11%         4
 Call Canine Familiar     Summ           17%        N/A       12%         3
 Summon Guardian Golem    Hex/Summ       17%        N/A       12%         3
 Tukima's Dance           Hex            17%        N/A       12%         3
 Iron Shot                Conj/Erth      24%        9d5       16%         6
 Yara's Violent Unravell  Hex/Tmut       8%         3d5       28%         5
 Animate Armour           Summ/Erth      34%        N/A       36%         4
 Animate Dead             Necr           8%         N/A       36%         4
 Blade Hands              Tmut           8%         N/A       73%         5
 Haunt                    Necr/Summ      8%         N/A       100%        7
 Infestation              Necr           8%         N/A       100%        8


Dungeon Overview and Level Annotations

Branches:
Dungeon (11/15)            Temple (1/1) D:4            Lair (0/6) D:10
    Orc: D:9-12

Altars:
Ashenzari
Elyvilon
Fedhas
Gozag
Hepliaklqana
Nemelex Xobeh
Okawaru
Qazlal
Sif Muna
Uskayaw
Vehumet
Xom
Yredelemnul
Zin

Annotations:
D:10 Nergalle


Message History

The two-headed ogre is lightly wounded.
The two-headed ogre hits you with a +1 dire flail of protection.
The two-headed ogre hits you with a +0 giant club!!
* * * LOW HITPOINT WARNING * * *
Unknown command.
Unknown command.
Casting: Iskenderun's Mystic Blast (safe; 1% risk of failure)
Confirm with . or Enter, or press ? or * to list all spells.
You erupt in a blast of force!
The mystic blast hits the two-headed ogre.
The two-headed ogre is lightly wounded.
The two-headed ogre is knocked back by the mystic blast.
Unknown command.
Unknown command.
Unknown command.
Casting: Iskenderun's Mystic Blast (safe; 1% risk of failure)
Confirm with . or Enter, or press ? or * to list all spells.
You erupt in a blast of force!
The mystic blast hits the two-headed ogre!
The two-headed ogre is heavily wounded.
The two-headed ogre is knocked back by the mystic blast.
The two-headed ogre slams into the rock wall!
The two-headed ogre is heavily wounded.
The two-headed ogre is engulfed in noxious fumes.
Unknown command.
Unknown command.
Casting: Iskenderun's Mystic Blast (safe; 1% risk of failure)
Confirm with . or Enter, or press ? or * to list all spells.
You erupt in a blast of force!
The mystic blast hits the two-headed ogre but does no damage.
The two-headed ogre is heavily wounded.
Unknown command.
Unknown command.
Casting: Iskenderun's Mystic Blast (safe; 1% risk of failure)
Confirm with . or Enter, or press ? or * to list all spells.
You erupt in a blast of force!
The mystic blast hits the two-headed ogre.
The two-headed ogre is severely wounded.
The two-headed ogre hits you with a +1 dire flail of protection!
You die...

#.# #.#
#.# #.#
#.# #.#
#.# #.#
#@# #O#
#.#
#○.......
#########


You could see a two-headed ogre.

Vanquished Creatures
  Erolcha (D:10)
  A two-headed ogre (D:10)
  A harpy (shapeshifter) (D:10)
  Maurice (D:10)
  A gargoyle (D:7)
  Maggie (D:8)
  A troll (D:11)
  Prince Ribbit (D:8)
  3 wyverns (D:10)
  6 yaks (D:8)
  2 steam dragons
  3 acid dragons
  Duvessa (D:7)
  4 water moccasins
  The ghost of Enlil the Sneak, an amateur GrEn (D:4)
  A sky beast (D:8)
  An ice beast (D:7)
  2 orc warriors
  2 black bears
  An ogre (D:4)
  4 wolves (D:10)
  2 centaurs
  A phantom (D:5)
  A kobold brigand (D:9)
  4 bullfrogs
  2 scorpions
  3 gnoll sergeants
  A necrophage (D:8)
  4 wights
  Dowan (D:7)
  5 killer bees (D:8)
  5 howler monkeys (D:10)
  3 electric eels (D:7)
  2 hounds
  2 jellies
  3 orc priests
  2 gnoll shamans
  3 iguanas
  5 orc wizards
  7 adders
  24 gnolls
  A river rat (D:4)
  2 shadow imps (D:8)
  A white imp (D:5)
  An ufetubus (D:6)
  3 worms
  4 dart slugs
  27 orcs
  6 bats
  11 endoplasms
  4 giant cockroaches
  10 hobgoblins
  9 jackals
  13 kobolds
  5 quokkas
  9 ball pythons
  3 frilled lizards
  6 goblins
  8 rats
242 creatures vanquished.

Vanquished Creatures (others)
  4 fulminant prisms
  2 fungi (D:10)
  23 plants
29 creatures vanquished.

Grand Total: 271 creatures vanquished

Notes
Turn   | Place    | Note
-------+----------+-------------------------------------------
     0 | D:1      | Querens the Deep Elf Conjurer began the quest for the Orb.
     0 | D:1      | Reached XP level 1. HP: 10/10 MP: 6/6
   237 | D:1      | Reached XP level 2. HP: 15/15 MP: 3/8
   240 | D:1      | Learned a level 2 spell: Searing Ray
   518 | D:1      | Found a faded altar of an unknown god.
   571 | D:2      | Found a shimmering blue altar of Sif Muna.
   582 | D:2      | Reached skill level 4 in Spellcasting
   582 | D:2      | Reached XP level 3. HP: 19/19 MP: 3/10
   609 | D:2      | Reached skill level 5 in Conjurations
   732 | D:2      | Reached skill level 1 in Shields
   823 | D:2      | Reached XP level 4. HP: 19/24 MP: 7/12
  1151 | D:3      | Learned a level 4 spell: Iskenderun's Mystic Blast
  1156 | D:3      | Learned a level 4 spell: Fulminant Prism
  1219 | D:3      | You fall into a shaft and drop 2 floors!
  1219 | D:5      | Entered Level 5 of the Dungeon
  1226 | D:4      | Reached XP level 5. HP: 26/28 MP: 10/14
  1234 | D:4      | Reached skill level 5 in Spellcasting
  1260 | D:4      | Found a staircase to the Ecumenical Temple.
  1260 | D:4      | Noticed an ogre
  1303 | D:4      | Killed an ogre
  1359 | Temple   | Entered the Ecumenical Temple
  1403 | Temple   | Became a worshipper of Vehumet
  1423 | D:4      | Noticed a black bear
  1824 | D:3      | Reached XP level 6. HP: 28/32 MP: 10/16
  1963 | D:4      | Reached skill level 1 in Translocations
  2159 | D:4      | Found a runed translucent door.
  2160 | D:4      | Noticed Enlil's ghost (amateur GrEn)
  2172 | D:4      | Killed Enlil's ghost
  2173 | D:4      | Reached skill level 6 in Spellcasting
  2183 | D:4      | Found a runed translucent door.
  2334 | D:4      | Reached * piety under Vehumet
  2334 | D:4      | Offered knowledge of Shock by Vehumet.
  2453 | D:5      | Identified the +2 ring mail of Hubris {Int+2}
  2456 | D:5      | Reached XP level 7. HP: 36/36 MP: 14/18
  3036 | D:5      | Upgraded the game from 0.29-a0-356-g7bc237e783 to
                  | 0.29-a0-359-g541a27f54d
  3217 | D:6      | Reached skill level 7 in Spellcasting
  3336 | D:6      | Noticed a steam dragon
  3345 | D:6      | Killed a steam dragon
  3346 | D:6      | Reached XP level 8. HP: 28/41 MP: 9/20
  4097 | D:7      | Noticed Dowan
  4104 | D:7      | Noticed Duvessa
  4109 | D:7      | Killed Dowan
  4109 | D:7      | Reached ** piety under Vehumet
  4109 | D:7      | Offered knowledge of Scorch by Vehumet.
  4115 | D:7      | Killed Duvessa
  4116 | D:7      | Reached skill level 8 in Spellcasting
  4312 | D:7      | Reached skill level 5 in Translocations
  4373 | D:7      | Noticed a gargoyle
  4376 | D:7      | Killed a gargoyle
  4377 | D:7      | Reached XP level 9. HP: 45/45 MP: 23/23
  4380 | D:7      | Noticed a gargoyle
  4589 | D:8      | Reached skill level 5 in Shields
  4592 | D:8      | Reached skill level 9 in Spellcasting
  4794 | D:8      | Reached skill level 10 in Spellcasting
  4797 | D:8      | Offered knowledge of Mephitic Cloud by Vehumet.
  4802 | D:8      | Learned a level 3 spell: Mephitic Cloud
  4969 | D:8      | Reached XP level 10. HP: 50/50 MP: 26/26
  4969 | D:8      | Noticed Prince Ribbit
  4977 | D:8      | Killed Prince Ribbit
  5077 | D:8      | Noticed Maggie
  5086 | D:8      | Killed Maggie
  5087 | D:8      | Reached skill level 11 in Spellcasting
  5087 | D:8      | Reached skill level 10 in Conjurations
  5287 | D:9      | Reached *** piety under Vehumet
  5687 | D:9      | Reached skill level 1 in Fighting
  5818 | D:10     | Entered Level 10 of the Dungeon
  5821 | D:10     | Offered knowledge of Hailstorm by Vehumet.
  5985 | D:10     | Found the +7 staff of the Meek {protect, meekguard}
  6062 | D:10     | Noticed a two-headed ogre
  6063 | D:10     | Noticed Nergalle
  6073 | D:10     | Noticed Erolcha
  6078 | D:10     | Killed a two-headed ogre
  6167 | D:10     | Reached skill level 12 in Spellcasting
  6187 | D:10     | Found a staircase to the Lair.
  6299 | D:10     | Noticed Maurice
  6351 | D:10     | Killed Maurice
  6389 | D:10     | Noticed a harpy
  6389 | D:10     | a meliai changed into a harpy
  6393 | D:10     | Killed a harpy
  6394 | D:10     | Reached XP level 11. HP: 57/60 MP: 15/29
  6396 | D:10     | Killed Erolcha
  6401 | D:10     | Found a glowing silver altar of Zin.
  6759 | D:11     | Noticed a two-headed ogre
  6768 | D:11     | Mangled by a two-headed ogre

Illustrated notes

Levels and vault maps discovered:
D:1:      lemuel_arrival_broad_hall, layout_basic,
          hellmonk_ecumenical_altar_slurped_away, serial_bayou,
          serial_bayou_pond_d, serial_bayou_lake_a, serial_bayou_pond_e,
          serial_bayou_shore_b, minmay_fountain_box, glass_columns_b,
          st_stairs_12, lemuel_old_faithful
D:2:      layout_rooms, basic_altar
D:3:      layout_basic
D:4:      layout_loops_cross, minmay_temple_entry_large_hall,
          ebering_ghost_sewer_f, kennysheep_generic_room_5
D:5:      layout_basic
D:6:      layout_loops_ring
D:7:      cheibrodos_statue_roulette, layout_loops_ring, serial_bayou,
          serial_bayou_pond_c, serial_bayou_shore_a, serial_bayou_shore_b,
          serial_bayou_pond_d, serial_bayou_pond_d, uniq_duvessa
D:8:      layout_cave_pods, grunt_tough_drop, uniq_prince_ribbit1, uniq_maggie
D:9:      layout_irregular_city
D:10:     layout_basic, mainiacjoe_overflow_brackets, minmay_lair_entry_grove,
          corner_web_ring, uniq_maurice, uniq_nergalle, uniq_erolcha
D:11:     layout_long_grid, uniq_fannar
Temple:   grunt_wide_crystal_templ

Skill      XL: |  1  2  3  4  5  6  7  8  9 10 |
---------------+-------------------------------+-----
Spellcasting   | 4 5 6 7 8 10 12 | 12.4
Conjurations   | 5 6 7 8 9 11 | 11.2
Shields        | 1 2 3 4 5 |  5.0
Translocations | 2 3 5 7 9 |  9.4
Fighting       | 3 |  3.6
Dodging        | |  2.4
Stealth        | |  2.4

Action                   |  1- 3 |  4- 6 |  7- 9 | 10-12 || total
-------------------------+-------+-------+-------+-------++-------
Melee: Dagger            |    39 |    45 |     2 |     7 ||    93
       Falchion          |       |       |       |     4 ||     4
       Short sword       |       |       |       |     1 ||     1
 Cast: Magic Dart        |    27 |    19 |     3 |     5 ||    54
       Searing Ray       |    12 |    23 |    44 |    18 ||    97
       Iskenderun's Myst |       |       |    28 |    53 ||    81
       Mephitic Cloud    |       |       |     1 |     5 ||     6
       Fulminant Prism   |       |       |       |     4 ||     4
Evoke: Wand              |       |       |     6 |       ||     6
  Use: Scroll            |       |       |     7 |     3 ||    10
       Potion            |       |       |       |     1 ||     1
 Stab: Sleeping          |     3 |     3 |       |       ||     6
Armor: Robe              |    10 |    15 |    11 |    12 ||    48
Dodge: Dodged            |    23 |    41 |    28 |    18 ||   110
Block: Buckler           |       |     4 |    15 |    10 ||    29

Table legend: (Time is in decaauts)
 A = Elapsed time spent in this place.
 B = Non-inter-level travel time spent in this place.
 C = Inter-level travel time spent in this place.
 D = Time resting spent in this place.
 E = Time spent auto-exploring this place.
 F = Levels seen in this place.
 G = Mean time per level.
                   A        B        C        D        E       F      G
               +--------+--------+--------+--------+--------+-----+--------+
         Total |   6813 |   6381 |    432 |     33 |     35 |  12 |  567.8 |
       Dungeon |   6760 |   6335 |    425 |     33 |      0 |  11 |  614.5 |
        Temple |     52 |     45 |      7 |      0 |     35 |   1 |   52.0 |
               +--------+--------+--------+--------+--------+-----+--------+

Top non-repeatable levels by time:
     D:3: 827 daAuts
     D:5: 754 daAuts
     D:8: 747 daAuts
     D:7: 664 daAuts
     D:6: 655 daAuts
     D:4: 647 daAuts
    D:10: 629 daAuts
     D:9: 598 daAuts
     D:1: 582 daAuts
     D:2: 358 daAuts
    D:11: 295 daAuts
  Temple: 52 daAuts
